[ PARTIDA AOE2 · #505853112 ]
UnrankedRomanos vs Khmer
Equipo del jugador · DERR
Equipo rival · VICT
[ ANÁLISIS DE REPETICIÓN · EXTRAÍDO DE LA PARTIDA GRABADA ]
Feudal
9:30
Castillos
19:42
Imperial
—
| APM promedio | 53.9 |
| APM pico | 71 |
| eAPM promedio | 31.0 |
| Aldeanos / militares | 71 / 6 |
Foco
⚔️ 36.8% · 🌾 63.2%
Archer ×5 · Spearman ×1
Feudal
11:08
Castillos
14:15
Imperial
—
| APM promedio | 55.8 |
| APM pico | 99 |
| eAPM promedio | 32.5 |
| Aldeanos / militares | 53 / 13 |
Foco
⚔️ 45.8% · 🌾 54.2%
Knight ×6 · Scorpion ×3 · Battering Ram ×3 · Monk ×1
Mapa de la partida
Recursos iniciales + cada clic de construcción. Líneas = muros · curvas = relieve. ◆ oro · ⬟ piedra · ● bayas · ✦ reliquia · ◌ hueco del cierre
Tu base· ✓ Cerrada en 19:42 · 39t muro · sin puerta
Base de OS+ | NeoZz· ✓ Cerrada en 14:15 · 53t muro · sin puerta
Terreno inicial suavizado · ◌ = hueco del cierre detectado · pasá el cursor para detalles
Inputs por minuto
— Oni.Lewis - - OS+ | NeoZz
Build order — Oni.Lewis
Primeras 150 de 154 acciones detectadas
| 0:00 | Crear | Villager (Male) |
| 0:00 | Crear | Villager (Male) |
| 0:01 | Construir | House |
| 0:02 | Construir | House |
| 0:07 | Crear | Villager (Male) |
| 0:14 | Crear | Villager (Male) |
| 0:21 | Crear | Villager (Male) |
| 0:26 | Investigar | Loom |
| 0:26 | Crear | Villager (Male) |
| 0:36 | Crear | Villager (Male) |
| 0:36 | Crear | Villager (Male) |
| 1:20 | Construir | Palisade Wall |
| 1:22 | Construir | Palisade Wall |
| 1:28 | Construir | Palisade Wall |
| 1:30 | Construir | Palisade Wall |
| 1:43 | Construir | Palisade Wall |
| 1:45 | Crear | Villager (Male) |
| 1:47 | Construir | Palisade Wall |
| 1:57 | Construir | Lumber Camp |
| 2:12 | Crear | Villager (Male) |
| 2:41 | Crear | Villager (Male) |
| 3:18 | Crear | Villager (Male) |
| 3:37 | Construir | Palisade Wall |
| 3:45 | Construir | Palisade Wall |
| 3:45 | Construir | Palisade Wall |
| 3:53 | Crear | Villager (Male) |
| 3:56 | Crear | Villager (Male) |
| 4:06 | Construir | House |
| 4:17 | Crear | Villager (Male) |
| 4:21 | Crear | Villager (Male) |
| 4:35 | Crear | Villager (Male) |
| 4:49 | Crear | Villager (Male) |
| 5:26 | Crear | Villager (Male) |
| 5:36 | Construir | Mill |
| 5:42 | Crear | Villager (Male) |
| 6:09 | Crear | Villager (Male) |
| 6:11 | Crear | Villager (Male) |
| 6:13 | Crear | Villager (Male) |
| 6:22 | Construir | Palisade Wall |
| 6:38 | Crear | Villager (Male) |
| 6:43 | Construir | Palisade Wall |
| 6:50 | Crear | Villager (Male) |
| 7:20 | Investigar | Feudal Age |
| 7:44 | Construir | House |
| 8:00 | Crear | Villager (Male) |
| 8:23 | Crear | Villager (Male) |
| 9:00 | Crear | Villager (Male) |
| 9:12 | Crear | Villager (Male) |
| 9:14 | Construir | Barracks |
| 9:16 | Construir | Barracks |
| 9:30 | Edad | Edad Feudal |
| 9:31 | Construir | Watch Tower |
| 9:41 | Crear | Villager (Male) |
| 9:52 | Crear | Villager (Male) |
| 9:56 | Investigar | Double-Bit Axe |
| 9:56 | Crear | Villager (Male) |
| 10:06 | Crear | Villager (Male) |
| 10:36 | Construir | Mining Camp |
| 10:38 | Crear | Villager (Male) |
| 10:44 | Crear | Villager (Male) |
| 10:55 | Crear | Villager (Male) |
| 11:03 | Crear | Villager (Male) |
| 11:04 | Construir | House |
| 11:22 | Crear | Villager (Male) |
| 11:36 | Crear | Villager (Male) |
| 11:38 | Construir | House |
| 11:40 | Crear | Spearman |
| 11:42 | Crear | Villager (Male) |
| 11:46 | Construir | Watch Tower |
| 11:51 | Construir | House |
| 11:52 | Construir | Palisade Wall |
| 11:56 | Construir | Palisade Wall |
| 12:35 | Crear | Villager (Male) |
| 12:48 | Crear | Villager (Male) |
| 12:52 | Crear | Villager (Male) |
| 12:52 | Crear | Villager (Male) |
| 12:54 | Construir | Outpost |
| 12:58 | Investigar | Town Watch |
| 12:59 | Crear | Villager (Male) |
| 13:11 | Crear | Villager (Male) |
| 13:16 | Crear | Villager (Male) |
| 13:25 | Construir | Archery Range |
| 13:42 | Crear | Villager (Male) |
| 14:00 | Crear | Villager (Male) |
| 14:05 | Construir | Mining Camp |
| 14:08 | Crear | Villager (Male) |
| 14:10 | Crear | Villager (Male) |
| 14:17 | Crear | Archer |
| 14:25 | Crear | Villager (Male) |
| 14:31 | Construir | Stone Wall |
| 14:31 | Construir | Stone Wall |
| 14:33 | Construir | Stone Wall |
| 14:35 | Construir | Stone Wall |
| 14:35 | Construir | Stone Wall |
| 14:36 | Construir | Stone Wall |
| 14:40 | Crear | Villager (Male) |
| 14:44 | Crear | Archer |
| 14:46 | Construir | Lumber Camp |
| 14:49 | Crear | Villager (Male) |
| 14:53 | Construir | Mill |
| 15:02 | Crear | Villager (Male) |
| 15:08 | Crear | Villager (Male) |
| 15:13 | Crear | Villager (Male) |
| 15:18 | Crear | Villager (Male) |
| 15:28 | Crear | Villager (Male) |
| 15:32 | Crear | Villager (Male) |
| 15:37 | Crear | Villager (Male) |
| 15:38 | Construir | Market |
| 15:49 | Crear | Archer |
| 15:56 | Construir | Farm |
| 16:01 | Construir | Farm |
| 16:05 | Crear | Villager (Male) |
| 16:08 | Crear | Archer |
| 16:22 | Construir | Stone Wall |
| 16:23 | Construir | Stone Wall |
| 16:24 | Crear | Villager (Male) |
| 16:28 | Crear | Archer |
| 17:02 | Investigar | Castle Age |
| 17:28 | Construir | Stone Wall |
| 17:40 | Crear | Villager (Male) |
| 18:08 | Construir | Lumber Camp |
| 18:09 | Crear | Villager (Male) |
| 18:13 | Construir | Stone Wall |
| 18:20 | Crear | Villager (Male) |
| 18:29 | Investigar | Horse Collar |
| 18:30 | Crear | Villager (Male) |
| 18:53 | Construir | Farm |
| 18:55 | Construir | Farm |
| 18:55 | Crear | Villager (Male) |
| 18:57 | Construir | House |
| 18:57 | Construir | House |
| 18:58 | Construir | House |
| 19:07 | Construir | House |
| 19:10 | Construir | Watch Tower |
| 19:12 | Construir | Stone Wall |
| 19:34 | Construir | House |
| 19:35 | Construir | House |
| 19:39 | Construir | House |
| 19:40 | Crear | Villager (Male) |
| 19:42 | Edad | Edad de los Castillos |
| 19:45 | Construir | Monastery |
| 19:48 | Construir | Palisade Wall |
| 19:52 | Construir | Palisade Wall |
| 19:53 | Construir | Palisade Wall |
| 19:55 | Construir | Palisade Wall |
| 19:56 | Construir | Palisade Wall |
| 19:57 | Construir | Palisade Wall |
| 19:59 | Construir | House |
| 20:00 | Construir | Palisade Wall |
| 20:00 | Crear | Villager (Male) |
Build order — OS+ | NeoZz
Primeras 150 de 160 acciones detectadas
| 0:01 | Crear | Villager (Male) |
| 0:01 | Crear | Villager (Male) |
| 0:02 | Construir | House |
| 0:03 | Crear | Villager (Male) |
| 0:03 | Crear | Villager (Male) |
| 0:04 | Construir | House |
| 0:51 | Investigar | Loom |
| 0:53 | Crear | Villager (Male) |
| 1:16 | Investigar | Loom |
| 1:35 | Crear | Villager (Male) |
| 2:03 | Construir | Lumber Camp |
| 2:08 | Crear | Villager (Male) |
| 2:42 | Crear | Villager (Male) |
| 2:43 | Crear | Villager (Male) |
| 3:04 | Crear | Villager (Male) |
| 3:12 | Construir | Palisade Wall |
| 3:15 | Construir | Palisade Wall |
| 3:16 | Construir | Palisade Wall |
| 3:16 | Construir | Palisade Wall |
| 3:20 | Crear | Villager (Male) |
| 3:33 | Construir | Palisade Wall |
| 3:41 | Crear | Villager (Male) |
| 3:52 | Crear | Villager (Male) |
| 4:06 | Construir | House |
| 4:07 | Crear | Villager (Male) |
| 4:34 | Construir | Palisade Wall |
| 4:35 | Construir | Palisade Wall |
| 4:36 | Construir | Palisade Wall |
| 4:36 | Construir | Palisade Wall |
| 4:50 | Crear | Villager (Male) |
| 5:03 | Construir | Lumber Camp |
| 5:13 | Crear | Villager (Male) |
| 5:33 | Construir | House |
| 5:42 | Crear | Villager (Male) |
| 5:45 | Crear | Villager (Male) |
| 5:48 | Crear | Villager (Male) |
| 6:09 | Construir | Palisade Wall |
| 6:11 | Construir | Palisade Wall |
| 6:12 | Construir | Palisade Wall |
| 6:33 | Crear | Villager (Male) |
| 6:54 | Construir | Mill |
| 7:01 | Construir | Palisade Wall |
| 7:03 | Construir | Palisade Wall |
| 7:07 | Construir | Palisade Wall |
| 7:10 | Construir | Palisade Wall |
| 7:13 | Construir | Palisade Wall |
| 7:18 | Crear | Villager (Male) |
| 7:21 | Construir | Palisade Wall |
| 7:24 | Construir | Palisade Wall |
| 7:26 | Construir | Palisade Wall |
| 7:28 | Construir | Palisade Wall |
| 7:30 | Construir | Palisade Wall |
| 7:31 | Construir | Palisade Wall |
| 7:32 | Construir | Palisade Wall |
| 7:34 | Construir | Palisade Wall |
| 7:35 | Construir | Palisade Wall |
| 7:42 | Crear | Villager (Male) |
| 7:55 | Crear | Villager (Male) |
| 8:04 | Crear | Villager (Male) |
| 8:04 | Crear | Villager (Male) |
| 8:42 | Construir | Mining Camp |
| 8:53 | Investigar | Feudal Age |
| 9:22 | Construir | House |
| 9:47 | Construir | Palisade Wall |
| 9:48 | Construir | Palisade Wall |
| 10:03 | Construir | Palisade Wall |
| 10:05 | Construir | Palisade Wall |
| 10:09 | Construir | Palisade Wall |
| 10:10 | Construir | Palisade Wall |
| 10:25 | Construir | House |
| 10:27 | Investigar | Loom |
| 10:35 | Construir | Palisade Wall |
| 10:36 | Construir | Palisade Wall |
| 10:36 | Construir | Palisade Wall |
| 10:37 | Construir | Palisade Wall |
| 10:38 | Construir | Palisade Wall |
| 10:38 | Construir | Palisade Wall |
| 10:39 | Construir | Palisade Wall |
| 10:40 | Construir | Palisade Wall |
| 10:53 | Construir | Palisade Wall |
| 10:53 | Construir | Palisade Wall |
| 10:54 | Construir | Palisade Wall |
| 10:54 | Construir | Palisade Wall |
| 10:55 | Construir | Palisade Wall |
| 11:08 | Edad | Edad Feudal |
| 11:31 | Construir | House |
| 11:33 | Construir | House |
| 11:35 | Investigar | Castle Age |
| 11:43 | Construir | Palisade Wall |
| 11:43 | Construir | Palisade Wall |
| 11:47 | Construir | Palisade Wall |
| 11:49 | Construir | Palisade Wall |
| 11:51 | Crear | Villager (Male) |
| 12:00 | Investigar | Double-Bit Axe |
| 12:07 | Crear | Villager (Male) |
| 13:14 | Construir | Farm |
| 13:15 | Crear | Villager (Male) |
| 13:18 | Construir | House |
| 13:29 | Crear | Villager (Male) |
| 13:49 | Construir | Palisade Wall |
| 13:49 | Construir | Palisade Wall |
| 13:50 | Construir | Palisade Wall |
| 13:59 | Construir | Palisade Wall |
| 14:00 | Crear | Villager (Male) |
| 14:06 | Construir | Stable |
| 14:10 | Construir | Palisade Wall |
| 14:15 | Edad | Edad de los Castillos |
| 14:23 | Construir | Siege Workshop |
| 14:25 | Construir | Palisade Wall |
| 14:30 | Crear | Villager (Male) |
| 14:51 | Crear | Knight |
| 14:52 | Crear | Villager (Male) |
| 15:01 | Crear | Battering Ram |
| 15:03 | Crear | Knight |
| 15:03 | Crear | Knight |
| 15:03 | Crear | Knight |
| 15:07 | Crear | Villager (Male) |
| 15:08 | Crear | Villager (Male) |
| 15:08 | Crear | Villager (Male) |
| 15:13 | Construir | Farm |
| 15:35 | Crear | Battering Ram |
| 15:37 | Crear | Knight |
| 15:48 | Construir | Farm |
| 15:50 | Crear | Villager (Male) |
| 15:52 | Construir | House |
| 16:12 | Crear | Scorpion |
| 16:19 | Crear | Villager (Male) |
| 16:21 | Crear | Scorpion |
| 16:34 | Construir | Farm |
| 16:36 | Crear | Knight |
| 16:48 | Construir | Farm |
| 16:54 | Crear | Villager (Male) |
| 16:54 | Crear | Villager (Male) |
| 17:20 | Construir | Farm |
| 17:21 | Construir | Farm |
| 17:31 | Crear | Villager (Male) |
| 17:55 | Crear | Scorpion |
| 18:02 | Crear | Villager (Male) |
| 18:02 | Crear | Villager (Male) |
| 18:11 | Construir | Town Center |
| 18:12 | Crear | Villager (Male) |
| 18:12 | Crear | Villager (Male) |
| 18:22 | Construir | House |
| 18:46 | Crear | Villager (Male) |
| 18:54 | Investigar | Horse Collar |
| 18:57 | Construir | Farm |
| 19:10 | Crear | Villager (Male) |
| 19:10 | Crear | Villager (Male) |
| 19:11 | Construir | Monastery |
| 19:21 | Construir | House |
Cronología de la partida
| 1:20 | Oni.Lewis · wall_segment Palisade Wall x2 |
| 1:22 | Oni.Lewis · wall_segment Palisade Wall x1 |
| 1:28 | Oni.Lewis · wall_segment Palisade Wall x1 |
| 1:30 | Oni.Lewis · wall_segment Palisade Wall x1 |
| 1:43 | Oni.Lewis · wall_segment Palisade Wall x1 |
| 1:47 | Oni.Lewis · wall_segment Palisade Wall x1 |
| 3:12 | OS+ | NeoZz · wall_segment Palisade Wall x1 |
| 3:15 | OS+ | NeoZz · wall_segment Palisade Wall x1 |
| 3:16 | OS+ | NeoZz · wall_segment Palisade Wall x1 |
| 3:16 | OS+ | NeoZz · wall_segment Palisade Wall x1 |
| 3:33 | OS+ | NeoZz · wall_segment Palisade Wall x1 |
| 3:37 | Oni.Lewis · wall_segment Palisade Wall x1 |
| 3:45 | Oni.Lewis · wall_segment Palisade Wall x1 |
| 3:45 | Oni.Lewis · wall_segment Palisade Wall x1 |
| 4:34 | OS+ | NeoZz · wall_segment Palisade Wall x1 |
| 4:35 | OS+ | NeoZz · wall_segment Palisade Wall x1 |
| 4:36 | OS+ | NeoZz · wall_segment Palisade Wall x1 |
| 4:36 | OS+ | NeoZz · wall_segment Palisade Wall x1 |
| 6:09 | OS+ | NeoZz · wall_segment Palisade Wall x1 |
| 6:11 | OS+ | NeoZz · wall_segment Palisade Wall x1 |
| 6:12 | OS+ | NeoZz · wall_segment Palisade Wall x1 |
| 6:22 | Oni.Lewis · wall_segment Palisade Wall x4 |
| 6:43 | Oni.Lewis · wall_segment Palisade Wall x1 |
| 7:01 | OS+ | NeoZz · wall_segment Palisade Wall x1 |
| 7:03 | OS+ | NeoZz · wall_segment Palisade Wall x1 |
| 7:07 | OS+ | NeoZz · wall_segment Palisade Wall x1 |
| 7:10 | OS+ | NeoZz · wall_segment Palisade Wall x1 |
| 7:13 | OS+ | NeoZz · wall_segment Palisade Wall x1 |
| 7:21 | OS+ | NeoZz · wall_segment Palisade Wall x1 |
| 7:24 | OS+ | NeoZz · wall_segment Palisade Wall x1 |
| 7:26 | OS+ | NeoZz · wall_segment Palisade Wall x1 |
| 7:28 | OS+ | NeoZz · wall_segment Palisade Wall x1 |
| 7:30 | OS+ | NeoZz · wall_segment Palisade Wall x1 |
| 7:31 | OS+ | NeoZz · wall_segment Palisade Wall x1 |
| 7:32 | OS+ | NeoZz · wall_segment Palisade Wall x1 |
| 7:34 | OS+ | NeoZz · wall_segment Palisade Wall x1 |
| 7:35 | OS+ | NeoZz · wall_segment Palisade Wall x1 |
| 9:14 | Oni.Lewis · first_building Barracks |
| 9:30 | Oni.Lewis · age_up feudal |
| 9:47 | OS+ | NeoZz · wall_segment Palisade Wall x1 |
| 9:48 | OS+ | NeoZz · wall_segment Palisade Wall x1 |
| 10:03 | OS+ | NeoZz · wall_segment Palisade Wall x1 |
| 10:05 | OS+ | NeoZz · wall_segment Palisade Wall x1 |
| 10:09 | OS+ | NeoZz · wall_segment Palisade Wall x1 |
| 10:10 | OS+ | NeoZz · wall_segment Palisade Wall x1 |
| 10:35 | OS+ | NeoZz · wall_segment Palisade Wall x1 |
| 10:36 | OS+ | NeoZz · wall_segment Palisade Wall x1 |
| 10:36 | OS+ | NeoZz · wall_segment Palisade Wall x1 |
| 10:37 | OS+ | NeoZz · wall_segment Palisade Wall x1 |
| 10:38 | OS+ | NeoZz · wall_segment Palisade Wall x1 |
| 10:38 | OS+ | NeoZz · wall_segment Palisade Wall x1 |
| 10:39 | OS+ | NeoZz · wall_segment Palisade Wall x1 |
| 10:40 | OS+ | NeoZz · wall_segment Palisade Wall x1 |
| 10:53 | OS+ | NeoZz · wall_segment Palisade Wall x1 |
| 10:53 | OS+ | NeoZz · wall_segment Palisade Wall x1 |
| 10:54 | OS+ | NeoZz · wall_segment Palisade Wall x1 |
| 10:54 | OS+ | NeoZz · wall_segment Palisade Wall x1 |
| 10:55 | OS+ | NeoZz · wall_segment Palisade Wall x1 |
| 11:08 | OS+ | NeoZz · age_up feudal |
| 11:43 | OS+ | NeoZz · wall_segment Palisade Wall x1 |
| 11:43 | OS+ | NeoZz · wall_segment Palisade Wall x1 |
| 11:47 | OS+ | NeoZz · wall_segment Palisade Wall x1 |
| 11:49 | OS+ | NeoZz · wall_segment Palisade Wall x1 |
| 11:52 | Oni.Lewis · wall_segment Palisade Wall x1 |
| 11:56 | Oni.Lewis · wall_segment Palisade Wall x1 |
| 13:25 | Oni.Lewis · first_building Archery Range |
| 13:49 | OS+ | NeoZz · wall_segment Palisade Wall x1 |
| 13:49 | OS+ | NeoZz · wall_segment Palisade Wall x1 |
| 13:50 | OS+ | NeoZz · wall_segment Palisade Wall x1 |
| 13:59 | OS+ | NeoZz · wall_segment Palisade Wall x2 |
| 14:06 | OS+ | NeoZz · first_building Stable |
| 14:10 | OS+ | NeoZz · wall_segment Palisade Wall x1 |
| 14:15 | OS+ | NeoZz · age_up castle |
| 14:23 | OS+ | NeoZz · first_building Siege Workshop |
| 14:25 | OS+ | NeoZz · wall_segment Palisade Wall x1 |
| 14:31 | Oni.Lewis · wall_segment Stone Wall x2 |
| 14:31 | Oni.Lewis · wall_segment Stone Wall x1 |
| 14:33 | Oni.Lewis · wall_segment Stone Wall x4 |
| 14:35 | Oni.Lewis · wall_segment Stone Wall x1 |
| 14:35 | Oni.Lewis · wall_segment Stone Wall x1 |
| 14:36 | Oni.Lewis · wall_segment Stone Wall x1 |
| 16:22 | Oni.Lewis · wall_segment Stone Wall x1 |
| 16:23 | Oni.Lewis · wall_segment Stone Wall x1 |
| 16:35 | Oni.Lewis · first_market_sell 500 stone |
| 16:35 | Oni.Lewis · first_market_buy 100 food |
| 17:28 | Oni.Lewis · wall_segment Stone Wall x8 |
| 18:13 | Oni.Lewis · wall_segment Stone Wall x6 |
| 19:11 | OS+ | NeoZz · first_building Monastery |
| 19:12 | Oni.Lewis · wall_segment Stone Wall x1 |
| 19:42 | Oni.Lewis · age_up castle |
| 19:45 | Oni.Lewis · first_building Monastery |
| 19:48 | Oni.Lewis · wall_segment Palisade Wall x1 |
| 19:52 | Oni.Lewis · wall_segment Palisade Wall x1 |
| 19:53 | Oni.Lewis · wall_segment Palisade Wall x1 |
| 19:55 | Oni.Lewis · wall_segment Palisade Wall x1 |
| 19:56 | Oni.Lewis · wall_segment Palisade Wall x1 |
| 19:57 | Oni.Lewis · wall_segment Palisade Wall x1 |
| 20:00 | Oni.Lewis · wall_segment Palisade Wall x1 |
| 20:09 | Oni.Lewis · wall_segment Palisade Wall x1 |
| 20:43 | Oni.Lewis · resign |
[ ANÁLISIS IA · 1 CRÉDITO ]
¿Qué pasó realmente en esta partida?
Wolo.gg analiza cada decisión: build order, eco, micro, errores típicos por bracket. Análisis personalizado por WhatsApp o Discord en 30 segundos.
Guía civ
Romanos
Perfil
Lewis